 Dungeon Crawl Stone Soup version 0.31-a0-208-gdb31a4691d (webtiles) character file.

Game seed: 2753367027179063405

10 innerfire43 the Trooper (level 2, -1/24 HPs)
             Began as a Demonspawn Monk on June 28, 2023.
             Slain by a quokka (5 damage)
             ... on level 1 of the Dungeon.
             The game lasted 00:00:07 (117 turns).

innerfire43 the Trooper (Demonspawn Monk)            Turns: 117, Time: 00:00:08

Health: -1/24      AC:  2    Str: 11    XL:     2   Next: 10%
Magic:  2/2        EV: 13    Int: 11    God:
Gold:   27         SH:  0    Dex: 15    Spells: 1/1 levels left

rFire   . . .        a - +0 hand axe
rCold   . . .        d - orb {light}
rNeg    . . .        b - +0 robe
rPois   .            (no helmet)
rElec   .            (no cloak)
rCorr   .            (no gloves)
SInv    .            (no boots)
Will    .....        (no amulet)
Stlth   +            (no ring)
HPRegen 0.24/turn    (no ring)
MPRegen 0.08/turn

%: no passive effects
@: glowing
A: demonic magic 1
a: no special abilities


You were on level 1 of the Dungeon.
You visited 1 branch of the dungeon, and saw 1 of its levels.

You collected 27 gold pieces.

Inventory:

Hand Weapons
 a - a +0 hand axe (weapon)
Armour
 b - a +0 robe (worn)
 d - an orb of light (worn)
Scrolls
 e - 2 scrolls of teleportation {unknown}
 f - a scroll of fear {unknown}
Potions
 c - a potion of ambrosia


   Skills:
 + Level 3.2 Fighting
 + Level 2.9 Axes
 + Level 2.9 Dodging


You had one spell level left.
You didn't know any spells.
Your spell library was empty.

Dungeon Overview and Level Annotations

Branches:
Dungeon (1/15)

Altars:


Innate Abilities, Weirdness & Mutations

Spells you cast may paralyse adjacent enemies.


Message History

A quokka comes into view.
The jackal misses you.
You hit the endoplasm.
The endoplasm is heavily wounded.
You hit the jackal but do no damage. The endoplasm hits you.
The jackal bites you. The jackal barely misses you.
There are monsters nearby!
You hit the endoplasm but do no damage.
The endoplasm is heavily wounded.
You hit the jackal. You hit the jackal but do no damage.
The endoplasm freezes you.
You are frozen.
The jackal barely misses you. x2
A dart slug comes into view.
The endoplasm freezes you.
You are frozen.
You hit the endoplasm but do no damage.
The endoplasm is heavily wounded.
You barely miss the jackal. You hit the jackal. The jackal misses you.
The jackal bites you.
The jackal bites you but does no damage. x2
The endoplasm freezes you.
You are frozen.
* * * LOW HITPOINT WARNING * * *
You are too injured to fight recklessly!
You hit the jackal.
You kill the jackal!
You hit the jackal.
You kill the jackal!
You hit the endoplasm. The endoplasm closely misses you.
You have reached level 2!
Your demonic ancestry asserts itself...
A menacing aura infuses your magic.
You hit the quokka.
The quokka is almost dead.
You hit the endoplasm but do no damage. The quokka bites you.
* * * LOW HITPOINT WARNING * * *
The endoplasm hits you.
* * * LOW HITPOINT WARNING * * *
The quokka bites you.
You die...

)...## ###
.##.....###.#### #####
..............## #....
#...##........####....
#...##.###.#.(........
#......###.#####......
#.$...................
..#.?...####.#######....
..)....@†...............
......Jr######..####....
$...##..# ##### .##.
...# # #.... #.$w# ##..#
#..#


You could see a dart slug, an endoplasm and a quokka.

Vanquished Creatures
  An endoplasm (D:1)
  A goblin (D:1)
  A hobgoblin (D:1)
  3 jackals (D:1)
  A quokka (D:1)
  A rat (D:1)
8 creatures vanquished.

Notes
Turn   | Place    | Note
-------+----------+-------------------------------------------
     0 | D:1      | innerfire43 the Demonspawn Monk began the quest for the
                  | Orb.
     0 | D:1      | Reached XP level 1. HP: 18/18 MP: 1/1
   117 | D:1      | Gained mutation: Spells you cast may paralyse adjacent
                  | enemies. [demonic ancestry]
   117 | D:1      | Reached XP level 2. HP: 6/24 MP: 2/2
   117 | D:1      | Slain by a quokka

Illustrated notes

Levels and vault maps discovered:
D:1:      sevenhm_arrival_forest_fort_small_4, layout_rooms, serial_shops,
          shop_statue

Action                     || total
---------------------------++-------
  Melee: Hand axe          ||    16
 Armour: Robe              ||     3
  Dodge: Dodged            ||     9

Table legend: (Time is in decaauts)
 A = Elapsed time spent in this place.
 B = Non-inter-level travel time spent in this place.
 C = Inter-level travel time spent in this place.
 D = Time resting spent in this place.
 E = Time spent auto-exploring this place.
 F = Levels seen in this place.
 G = Mean time per level.
                   A        B        C        D        E       F      G
               +--------+--------+--------+--------+--------+-----+--------+
         Total |    122 |    122 |      0 |      0 |     90 |   1 |  122.0 |
       Dungeon |    122 |    122 |      0 |      0 |     90 |   1 |  122.0 |
               +--------+--------+--------+--------+--------+-----+--------+

Top non-repeatable levels by time:
     D:1: 122 daAuts
